 Dungeon Crawl Stone Soup version 0.28-a0-1506-g3893175 (webtiles) character file.

Game seed: 4805978637069037750

5770 Dorkslayer the Cleaver (level 10, -7/89 (90) HPs)
             Began as a Hill Orc Fighter on Jan 13, 2022.
             Was an Initiate of Gozag.
             Mangled by a fire elemental (13 damage)
             ... summoned by a deep elf pyromancer
             ... on level 9 of the Dungeon.
             The game lasted 00:27:13 (9629 turns).

Dorkslayer the Cleaver (Hill Orc Fighter)           Turns: 9629, Time: 00:27:14

HP:   -7/89 (90)    AC: 15    Str: 28    XL:     10   Next: 78%
MP:   10/10         EV:  9    Int: 10    God:    Gozag
Gold: 1332          SH:  6    Dex: 16    Spells: 9/9 levels left

rFire   . . .      SeeInvis .   g - +3 war axe (flame)
rCold   + . .      Faith    .   c - +1 buckler
rNeg    . . .      Spirit   .   D - +0 chain mail of Deafo {Will+ Int+2}
rPois   +          Reflect  .   (no helmet)
rElec   .          Harm     .   s - +2 cloak {rPois}
rCorr   .          Rampage  .   (no gloves)
Will    +....                   x - +0 pair of boots
Stlth   ..........              (no amulet)
HPRegen 0.24/turn               k - ring of protection from cold
MPRegen 0.12/turn               H - ring "Xaraaridan" {Str+6 Dex+4}

@: lightly drained
A: no striking features
a: Renounce Religion, Potion Petition, Call Merchant, Bribe Branch


You were on level 9 of the Dungeon.
You worshipped Gozag.
Gozag was most pleased with you.
You visited 2 branches of the dungeon, and saw 10 of its levels.
You also visited: Sewer and Bailey.

You collected 1384 gold pieces.
You paid 52 gold pieces to Gozag.

Inventory:

Hand Weapons
 a - a +0 war axe
 g - a +3 war axe of flaming (weapon)
Missiles
 d - 17 boomerangs
 m - 12 poisoned darts
 v - 3 javelins (quivered)
 E - 2 curare-tipped darts
Armour
 c - a +1 buckler (worn)
 s - a +2 cloak of poison resistance (worn)
 x - a +0 pair of boots (worn)
 D - the +0 chain mail of Deafo (worn) {Will+ Int+2}
   (You found it on level 7 of the Dungeon)

   Int:       It affects your intelligence (+2).
   Will:      It increases your willpower.
Jewellery
 k - a ring of protection from cold (left hand)
 H - the ring "Xaraaridan" (right hand) {Str+6 Dex+4}
   (You found it on level 9 of the Dungeon)

   [ring of strength]

   Str:       It affects your strength (+6).
   Dex:       It affects your dexterity (+4).
Wands
 b - a wand of paralysis (6)
 j - a wand of flame (25)
 o - a wand of iceblast (10)
 t - a wand of mindburst (3)
 u - a wand of polymorph (5)
Scrolls
 h - 3 scrolls of teleportation
 l - 3 scrolls of immolation
 w - 2 scrolls of fog
 y - 2 scrolls of enchant armour
 C - 2 scrolls of amnesia
 F - a scroll of fear
Potions
 e - 5 potions of mutation
 f - 2 potions of brilliance
 i - 5 potions of curing
 n - 4 potions of haste
 p - 5 potions of heal wounds
 q - 2 potions of flight
 r - a potion of attraction {unknown}
 z - a potion of cancellation {unknown}
 A - 3 potions of magic
 B - 3 potions of might
 G - a potion of ambrosia {unknown}


   Skills:
 * Level 8.8 Fighting
 + Level 11.7 Axes
 * Level 4.5 Throwing
 + Level 7.6 Armour
 + Level 2.5 Dodging
 + Level 0.9 Stealth
 + Level 5.3 Shields
 * Level 5.7 Evocations


You had 9 spell levels left.
You didn't know any spells.
Your spell library contained the following spells:

 Spells                   Type           Power      Damage    Failure   Level
 Apportation              Tloc           0%         N/A       93%         1
 Freeze                   Ice            0%         1d3       93%         1
 Magic Dart               Conj           0%         1d3       93%         1
 Pain                     Necr           0%         1d4       93%         1
 Blink                    Tloc           0%         N/A       98%         2
 Corpse Rot               Necr/Air       0%         N/A       98%         2
 Searing Ray              Conj           0%         2d4       98%         2
 Static Discharge         Conj/Air       0%         N/A       98%         2
 Confusing Touch          Hex            0%         N/A       100%        3
 Frozen Ramparts          Ice            0%         1d2       100%        3
 Gell's Gravitas          Tloc           0%         N/A       100%        3
 Lesser Beckoning         Tloc           0%         N/A       100%        3
 Teleport Other           Tloc           0%         N/A       100%        3
 Dispel Undead            Necr           0%         3d6       100%        4
 Fulminant Prism          Conj/Hex       0%         3d6       100%        4
 Hailstorm                Conj/Ice       0%         3d3       100%        4
 Iskenderun's Mystic Bla  Conj/Tloc      0%         2d3       100%        4
 Sticky Flame             Conj/Fire      0%         2d3       100%        4
 Agony                    Necr           0%         N/A       100%        5
 Excruciating Wounds      Necr           0%         N/A       100%        5
 Lee's Rapid Deconstruct  Erth           0%         3d5*      100%        5
 Lightning Bolt           Conj/Air       0%         1d11      100%        5
 Yara's Violent Unravell  Hex/Tmut       0%         3d3       100%        5
 Conjure Ball Lightning   Conj/Air       0%         3x3d6     100%        6
 Death Channel            Necr           0%         N/A       100%        6
 Enfeeble                 Hex            0%         N/A       100%        7
 Discord                  Hex            0%         N/A       100%        8
 Disjunction              Tloc           0%         N/A       100%        8
 Ignition                 Fire           0%         3d3       100%        8
 Maxwell's Capacitive Co  Air            0%         ∞         100%        8


Dungeon Overview and Level Annotations

Branches:
Dungeon (9/15)             Temple (1/1) D:4            Lair (0/6) D:9
  Sewer (visited)          Bailey (visited)
    Orc: D:9-12

Altars:
Ashenzari
Cheibriados
Fedhas
Gozag
Hepliaklqana
Makhleb
Nemelex Xobeh
Okawaru
Uskayaw
Wu Jian
Yredelemnul
Zin

Shops:
D:2 [   D:4 *   D:5 (   D:7 (


Message History

You closely miss the deep elf pyromancer.
You are covered in liquid flames!
The deep elf pyromancer closely misses you.
You hit the deep elf pyromancer. You burn the deep elf pyromancer.
The deep elf pyromancer is lightly wounded.
You are covered in liquid flames!
The deep elf pyromancer mumbles some strange words.
The deep elf pyromancer blinks!
You are covered in liquid flames!
The deep elf pyromancer casts a spell.
You are covered in liquid flames!
The deep elf pyromancer gestures wildly while chanting.
You are covered in liquid flames!
You are no longer on fire.
You block the fire elemental's attack.
Things that are here:
a +2 spear; a +0 robe You slash the deep elf pyromancer!
You burn the deep elf pyromancer.
The deep elf pyromancer is heavily wounded.
You completely miss the fire elemental. You slash the fire elemental!
The fire elemental hits you. The fire elemental burns you!
The deep elf pyromancer hits you but does no damage.
The fire elemental hits you. The fire elemental burns you!
You block the deep elf pyromancer's attack.
You hit the deep elf pyromancer. You burn the deep elf pyromancer.
The deep elf pyromancer is severely wounded.
You hit the fire elemental. You barely miss the fire elemental.
The fire elemental hits you. The fire elemental burns you!
The fire elemental hits you. The fire elemental burns you!
The deep elf pyromancer casts a spell.
The deep elf pyromancer blinks!
The fire elemental misses you. The fire elemental hits you.
The fire elemental burns you!
* * * LOW HITPOINT WARNING * * *
You block the fire elemental's attack. x2
The deep elf pyromancer points at you and mumbles some strange words.
The bolt of fire hits you!
* * * LOW HITPOINT WARNING * * *
The fire elemental hits you. The fire elemental burns you!
You die...
Your body crumbles into a pile of gold.

#.#.##...##.# #......#..
#.#.........# #..<......
#.#≈...>.e.≈# #.........
#.#.........### ###......#
#.#.##...##.#.####### #.......
####.#..#...#○.#..##...###.......
......#...≈..°#..°##.....#.......
.........###..○..................
...............○@E...............
........)......EE)..)............
#.....###)...##....)#........####
......# ##...##....##........#
.....#####...##.....#..)>....####
........##...###.............##..
.............# ##................
.............# ####.............
.....#....#### ####.......<..


You could see a deep elf pyromancer and 3 fire elementals.

Vanquished Creatures
  A two-headed ogre (D:9)
  An orc knight (Bailey)
  Menkaure (D:6)
  A steam dragon (D:7)
  An acid dragon (D:9)
  A water moccasin (D:5)
  Edmund (D:6)
  Pargi (Sewer)
  An orc warrior (D:7)
  A sky beast (D:5)
  The ghost of valinor000 the Skirmisher, an amateur HOMo (D:3)
  A black bear (D:6)
  3 necrophages
  5 ogres
  4 centaurs
  2 phantoms
  2 kobold brigands (D:8)
  3 bullfrogs (D:8)
  A gnoll sergeant (D:7)
  2 wyvern zombies
  3 wyvern skeletons
  9 killer bees
  8 wights
  2 electric eels (D:3)
  2 centaur zombies
  2 hounds
  2 bullfrog zombies (D:6)
  A gnoll shaman (D:5)
  4 orc priests
  Crazy Yiuf (D:4)
  2 centaur skeletons
  3 jellies
  An iguana (D:7)
  7 orc wizards
  A killer bee zombie (D:5)
  A howler monkey zombie (D:8)
  7 adders
  21 gnolls
  2 white imps (D:6)
  2 ufetubi (D:4)
  An adder zombie (D:5)
  2 adder skeletons (D:4)
  A worm (D:3)
  A dart slug (D:1)
  32 orcs
  3 bats
  2 endoplasms
  3 giant cockroaches
  14 goblins
  6 hobgoblins
  9 jackals
  A quokka (D:1)
  3 ball pythons
  7 frilled lizards
  12 kobolds
  3 rats
215 creatures vanquished.

Vanquished Creatures (others)
  5 fungi (D:9)
  8 plants
13 creatures vanquished.

Grand Total: 228 creatures vanquished

Notes
Turn   | Place    | Note
-------+----------+-------------------------------------------
     0 | D:1      | Dorkslayer the Hill Orc Fighter began the quest for the
                  | Orb.
     0 | D:1      | Reached XP level 1. HP: 19/19 MP: 1/1
    98 | D:1      | Found a faded altar of an unknown god.
   117 | D:1      | Got Plato's Disquisition on Orientation
   151 | D:1      | Reached XP level 2. HP: 27/27 MP: 2/2
   189 | D:1      | Reached skill level 3 in Axes
   553 | D:1      | Reached XP level 3. HP: 33/33 MP: 3/3
   911 | D:2      | Found Wuzeraem's Antique Armour Boutique.
  1285 | D:3      | Reached skill level 4 in Axes
  1285 | D:3      | Reached XP level 4. HP: 24/40 MP: 4/4
  1292 | D:3      | Identified a scroll of acquirement
  1362 | D:3      | Reached XP level 5. HP: 26/47 MP: 5/5
  1403 | D:3      | Found a glowing drain.
  1408 | Sewer    | Entered a sewer
  1671 | Sewer    | Noticed Pargi
  1683 | Sewer    | Killed Pargi
  1684 | Sewer    | Reached skill level 5 in Axes
  1684 | Sewer    | Reached XP level 6. HP: 33/53 MP: 6/6
  1846 | D:3      | Found a runed translucent door.
  1847 | D:3      | Noticed valinor000's ghost (amateur HOMo)
  1943 | D:3      | Reached skill level 1 in Dodging
  2070 | D:3      | Found a transporter.
  2077 | D:3      | Found a transporter.
  2359 | D:3      | Found a hazy altar of Hepliaklqana.
  2397 | D:3      | Acquired a +2 war axe of flaming
  2894 | D:3      | Killed valinor000's ghost
  2895 | D:3      | Reached skill level 5 in Fighting
  2895 | D:3      | Reached skill level 6 in Axes
  2895 | D:3      | Reached skill level 5 in Armour
  2895 | D:3      | Reached skill level 1 in Evocations
  2895 | D:3      | Reached XP level 7. HP: 52/61 MP: 7/7
  3577 | D:4      | Found a staircase to the Ecumenical Temple.
  3594 | Temple   | Entered the Ecumenical Temple
  3629 | Temple   | Became a worshipper of Gozag Ym Sagoz the Greedy
  3671 | D:4      | Found Hugial's Overcharged Wands.
  4271 | D:4      | Found a runed translucent door.
  4272 | D:4      | Noticed Crazy Yiuf
  4277 | D:4      | Killed Crazy Yiuf
  4278 | D:4      | Reached skill level 7 in Axes
  4554 | D:5      | Entered Level 5 of the Dungeon
  4712 | D:5      | Reached XP level 8. HP: 62/68 MP: 8/8
  4788 | D:5      | Reached skill level 1 in Throwing
  4956 | D:5      | Found Uxarar's Weapon Boutique.
  5049 | D:5      | Reached skill level 8 in Axes
  5747 | D:6      | Reached XP level 9. HP: 75/75 MP: 9/9
  5820 | D:6      | Noticed Edmund
  5842 | D:6      | Killed Edmund
  5843 | D:6      | Reached skill level 9 in Axes
  6246 | D:6      | Noticed Menkaure
  6252 | D:6      | Killed Menkaure
  6723 | D:7      | Found a flagged portal.
  6739 | Bailey   | Entered a bailey
  6976 | Bailey   | Noticed an orc knight
  6982 | Bailey   | Killed an orc knight
  6983 | Bailey   | Reached skill level 10 in Axes
  7155 | D:7      | Reached skill level 5 in Shields
  7216 | D:7      | Reached XP level 10. HP: 74/88 MP: 10/10
  7281 | D:7      | Found a snail-covered altar of Cheibriados.
  7282 | D:7      | Found a glowing silver altar of Zin.
  7580 | D:7      | Reached skill level 5 in Evocations
  7642 | D:7      | Found Ogymoisk's Weapon Shoppe.
  7655 | D:7      | Got Sif Muna's Reference Book on Torrid Translocation
  8144 | D:7      | Identified the +0 chain mail of Deafo {Will+ Int+2}
  8905 | D:8      | Reached skill level 11 in Axes
  9178 | D:9      | Noticed a two-headed ogre
  9187 | D:9      | Killed a two-headed ogre
  9378 | D:9      | Found a staircase to the Lair.
  9410 | D:9      | Identified the ring "Xaraaridan" {Str+6 Dex+4}
  9613 | D:9      | Noticed a deep elf pyromancer
  9629 | D:9      | Mangled by a fire elemental

Illustrated notes

Levels and vault maps discovered:
D:1:      dpeg_arrival_houses_and_road, layout_loops_ring,
          shapermc_ecumenical_altar_rom_forum
D:2:      layout_loops_cross, serial_shops, shop
D:3:      gammafunk_steamed_eel, layout_loops_corners,
          mainiacjoe_overflow_alcove_4, portal_sewer_entry_e,
          ebering_ghost_inner_flame, corexii_hall_statues_i
D:4:      layout_basic, minmay_temple_entry_offerings, serial_bayou_pond_e,
          grunt_decor_cap, nicolae_shop_overcharged_wands,
          uniq_crazy_yiuf_cottage
D:5:      layout_rooms, serial_shops, nicolae_shop_bloodbath_and_beyond
D:6:      layout_basic, uniq_edmund, uniq_menkaure
D:7:      layout_basic, mainiacjoe_overflow_divided_tiny, enter_bailey_4,
          serial_shops, nicolae_shop_competitors_out_of_business
D:8:      layout_basic
D:9:      layout_cross, dpeg_oklobed_lair
Temple:   mainiacjoe_temple_bowtie_tessellation

Skill      XL: |  1  2  3  4  5  6  7  8  9 10 |
---------------+-------------------------------+-----
Axes           | 3 4 5 6 7 8 10 11 | 11.7
Fighting       | 4 5 6 7 8 |  8.8
Armour         | 4 5 6 7 |  7.6
Dodging        | 1 2 |  2.5
Shields        | 4 5 |  5.3
Evocations     | 1 2 3 4 5 |  5.7
Throwing       | 2 3 4 |  4.5
Stealth        | |  0.9

Action                   |  1- 3 |  4- 6 |  7- 9 | 10-12 || total
-------------------------+-------+-------+-------+-------++-------
Melee: War axe           |    79 |   104 |   253 |   156 ||   592
Throw: Dart              |       |     2 |    15 |       ||    17
       Javelin           |       |       |     5 |       ||     5
Evoke: Wand              |       |     6 |     9 |     2 ||    17
  Use: Scroll            |       |     9 |     8 |     4 ||    21
       Potion            |       |     2 |     1 |     1 ||     4
 Stab: Distracted        |       |       |     1 |     1 ||     2
Armor: Scale mail        |    49 |    57 |    45 |       ||   151
       Chain mail        |       |       |    63 |    91 ||   154
Dodge: Dodged            |    47 |    52 |   105 |    66 ||   270
Block: Buckler           |    17 |    32 |    86 |    43 ||   178

Table legend: (Time is in decaauts)
 A = Elapsed time spent in this place.
 B = Non-inter-level travel time spent in this place.
 C = Inter-level travel time spent in this place.
 D = Time resting spent in this place.
 E = Time spent auto-exploring this place.
 F = Levels seen in this place.
 G = Mean time per level.
                   A        B        C        D        E       F      G
               +--------+--------+--------+--------+--------+-----+--------+
         Total |   9733 |   9733 |      0 |   1584 |   3133 |  12 |  811.1 |
       Dungeon |   8914 |   8914 |      0 |   1327 |   3122 |   9 |  990.4 |
        Temple |     60 |     60 |      0 |      0 |      0 |   1 |   60.0 |
         Sewer |    436 |    436 |      0 |    257 |     11 |   1 |  436.0 |
        Bailey |    322 |    322 |      0 |      0 |      0 |   1 |  322.0 |
               +--------+--------+--------+--------+--------+-----+--------+

Top non-repeatable levels by time:
     D:4: 1426 daAuts
     D:7: 1421 daAuts
     D:3: 1398 daAuts
     D:5: 1201 daAuts
     D:6: 890 daAuts
     D:8: 805 daAuts
     D:1: 665 daAuts
     D:2: 644 daAuts
     D:9: 459 daAuts
   Sewer: 436 daAuts
  Bailey: 322 daAuts
  Temple: 60 daAuts
